 Dungeon Crawl Stone Soup version 0.30-a0-385-gfebfb9b408 (webtiles) character file.

Game seed: 5801199063153555832

14 leviel the Trooper (level 2, -2/27 HPs)
             Began as a Hill Orc Fighter on Dec 2, 2022.
             Succumbed to Terence's poison
             ... on level 2 of the Dungeon.
             The game lasted 00:01:05 (635 turns).

leviel the Trooper (Hill Orc Fighter)                Turns: 635, Time: 00:01:05

Health: -2/27      AC:  6    Str: 18    XL:     2   Next: 41%
Magic:  2/2        EV:  9    Int:  8    God:
Gold:   51         SH:  4    Dex: 10    Spells: 1/1 levels left

rFire   . . .      SeeInvis .    a - +0 war axe
rCold   . . .      Faith    .    c - +0 buckler
rNeg    . . .      Spirit   .    b - +0 scale mail
rPois   .          Reflect  .    (no helmet)
rElec   .          Harm     .    (no cloak)
rCorr   .          Rampage  .    (no gloves)
Will    .....                    (no boots)
Stlth   ..........               (no amulet)
HPRegen 0.24/turn                (no ring)
MPRegen 0.08/turn                (no ring)

@: lethally poisoned (-2 -> -17)
A: no striking features
a: no special abilities


You were on level 2 of the Dungeon.
You visited 1 branch of the dungeon, and saw 2 of its levels.

You collected 51 gold pieces.

Inventory:

Hand Weapons
 a - a +0 war axe (weapon)
Armour
 b - a +0 scale mail (worn)
 c - a +0 buckler (worn)
Potions
 d - 2 potions of might
 e - a potion of brilliance {unknown}


   Skills:
 + Level 3.8 Fighting
 * Level 3.3 Axes
 + Level 3.4 Armour
 + Level 3.4 Shields


You had one spell level left.
You didn't know any spells.
Your spell library was empty.

Dungeon Overview and Level Annotations

Branches:
Dungeon (2/15)

Altars:

Annotations:
D:2 Terence


Message History

You are too injured to fight recklessly!
You are too injured to fight recklessly!
You are too injured to fight recklessly!
You are too injured to fight recklessly!
You are too injured to fight recklessly!
You are too injured to fight recklessly!
You are too injured to fight recklessly!
You are too injured to fight recklessly!
You are too injured to fight recklessly!
You are too injured to fight recklessly!
You are too injured to fight recklessly!
You are too injured to fight recklessly!
You are too injured to fight recklessly!
You are too injured to fight recklessly!
You hit Terence.
Terence is moderately wounded.
You block Terence's attack.
You hit Terence but do no damage.
Terence is moderately wounded.
You slash the goblin!
You kill the goblin!
Terence hits you with a +2 flail of venom!
You are lethally poisoned!
Terence barely misses you.
You hit Terence but do no damage.
Terence is moderately wounded.
You feel very sick. Terence closely misses you.
You barely miss Terence.
Terence is moderately wounded.
* * * LOW HITPOINT WARNING * * *
You feel very sick.
Terence says, "Don't bother to defend, it's useless."
Terence hits you with a +2 flail of venom.
* * * LOW HITPOINT WARNING * * *
You are more poisoned.
You block Terence's attack.
You hit Terence.
Terence is heavily wounded.
You die...

.#.........†...!..
##.#..#..........
...?............. ##
###.#...#......... ...
#.#............. ...?
#.#.......[..... .....
#.#.$#..#.......
......#.......#.......
......)@#..###########
......@....#
......#....#
.....####..# ##...
...# #.# ...# #. ...#
# .#


You could see Terence.

Vanquished Creatures
  A dart slug (D:2)
  2 goblins
  A quokka (D:1)
  3 bats (D:1)
  2 frilled lizards (D:1)
  2 kobolds (D:1)
  2 rats
13 creatures vanquished.

Notes
Turn   | Place    | Note
-------+----------+-------------------------------------------
     0 | D:1      | leviel the Hill Orc Fighter began the quest for the Orb.
     0 | D:1      | Reached XP level 1. HP: 19/19 MP: 1/1
   331 | D:1      | Reached XP level 2. HP: 25/27 MP: 2/2
   378 | D:1      | Found a faded altar of an unknown god.
   624 | D:2      | Noticed Terence
   635 | D:2      | Succumbed to Terence's poison

Illustrated notes

Levels and vault maps discovered:
D:1:      dpeg_arrival_tiny_a, layout_loops_cross,
          hellmonk_ecumenical_altar_run_dry
D:2:      layout_basic, minmay_three_crescents, uniq_jessica, uniq_terence

Skill      XL: |  1 |
---------------+----+-----
Axes           | 3 |  3.3
Fighting       | |  3.8
Armour         | |  3.4
Shields        | |  3.4

Action                   || total
-------------------------++-------
Melee: War axe           ||    55
Armor: Scale mail        ||    18
Dodge: Dodged            ||    32
Block: Buckler           ||    13

Table legend: (Time is in decaauts)
 A = Elapsed time spent in this place.
 B = Non-inter-level travel time spent in this place.
 C = Inter-level travel time spent in this place.
 D = Time resting spent in this place.
 E = Time spent auto-exploring this place.
 F = Levels seen in this place.
 G = Mean time per level.
                   A        B        C        D        E       F      G
               +--------+--------+--------+--------+--------+-----+--------+
         Total |    656 |    647 |      9 |      0 |    523 |   2 |  328.0 |
       Dungeon |    656 |    647 |      9 |      0 |    523 |   2 |  328.0 |
               +--------+--------+--------+--------+--------+-----+--------+

Top non-repeatable levels by time:
     D:1: 597 daAuts
     D:2: 58 daAuts
